Map: Hardwire LE

Players

Pumba

  • Race: Protoss Protoss
  • League: Master
  • Spawn Location: 7:00

LogiK - Winner!

  • Race: Zerg Zerg
  • League: Master
  • Spawn Location: 1:00

VOD

Have the link to the VOD?

Description

Time

  • Played on: April 5, 2022, 8:36 p.m.
  • Length: 5:09
Show
View Real Time Build Order
Export as new Build Order

Pumba Protoss 

Build Orders: 1 Gate Expand 

Get SALT Encoding   

  12  0:01  Probe  
  13  0:14  Probe  
  13  0:17  Pylon  
  14  0:26  Probe  
  15  0:38  Probe (Chrono Boost)  
  16  0:46  Gateway  
  16  0:48  Probe (Chrono Boost)  
  17  0:51  Assimilator  
  17  0:53  Probe (Chrono Boost)  
  18  1:05  Probe  
  19  1:17  Probe  
  20  1:25  Nexus  
  20  1:35  Cybernetics Core  
  21  1:40  Probe  
  21  1:46  Pylon  
  21  1:52  Probe  
  21  2:04  Probe  
  22  2:10  Stalker (Chrono Boost)  
  22  2:11  Warp Gate (Chrono Boost)  
  24  2:16  Probe  
  25  2:24  Gateway  
  25  2:28  Probe  
  26  2:33  Adept  
  28  2:42  Probe x2  
  30  2:52  Gateway  
  30  2:55  Pylon  
  30  3:00  Probe (Chrono Boost)  
  30  3:04  Probe (Chrono Boost)  
  32  3:07  Gateway  
  32  3:09  Gateway  
  32  3:23  Gateway  
  32  3:24  Gateway  
  32  3:29  Gateway  
  32  3:33  Probe x2  
  34  3:50  Shield Battery  
  34  3:53  Pylon  
  34  3:58  Stalker  
  35  4:04  Pylon  
  35  4:05  Zealot x2  
  20  4:36  Stalker  
  19  4:40  Probe  
  17  4:45  Zealot  
Show
View Real Time Build Order
Export as new Build Order

LogiK Zerg - Winner!

Build Orders: Pool First 

Get SALT Encoding   

  12  0:05  Drone  
  13  0:12  Overlord  
  13  0:17  Drone  
  14  0:31  Drone x2  
  16  0:42  Spawning Pool  
  15  0:45  Drone  
  16  0:57  Extractor  
  15  1:10  Hatchery  
  14  1:13  Drone  
  14  1:17  Drone  
  16  1:32  Zergling x4  
  18  1:36  Zergling x2  
  19  1:43  Queen  
  21  1:56  Roach Warren  
  21  1:58  Drone  
  21  2:06  Metabolic Boost  
  21  2:30  Overlord  
  20  2:44  Roach x3  
  26  2:50  Roach  
  28  2:57  Zergling x2, Overlord  
  28  2:58  Zergling x4  
  31  3:17  Ravager  
  31  3:18  Zergling x8  
  31  3:19  Zergling x2  
  37  3:23  Zergling x2  
  38  3:29  Zergling x2  
  38  3:31  Zergling x2  
  40  3:36  Zergling x2  
  40  3:39  Zergling x2  
  42  4:08  Zergling x4  
  43  4:16  Zergling x8  
  42  4:20  Zergling x4  
  42  4:23  Queen  
  41  4:31  Zergling x4  
  41  4:41  Zergling x4  
  40  4:49  Ravager  
  40  4:52  Zergling x4  
Tags
 
Add a new tag
Caveats
  • Supply blocks, unpowered buildings, or Contaminate may cause inaccurate times.
  • Supply counts are checked every 10 seconds.